CALGARY vs SAN JOSE

Created - February-23-21 at 16:54

Goals
1 2 3 T
CALGARY 1 1 1 3
SAN JOSE 1 0 4 5
Shots
1 2 3 T
CALGARY 11 11 11 33
SAN JOSE 11 7 10 28

1st period

1. SAN JOSE , Dustin Brown 4 (Ryan Pulock 22, Kevin Hayes 13) at 2:20 (PP)
2. CALGARY , Patrik Laine 10 (Jaccob Slavin 16, Tyler Bertuzzi 11) at 15:17

Penalties :
Jaccob Slavin (CGY) for Hooking (Minor) at 1:43, Elias Pettersson (CGY) for Holding (Minor) at 7:34

2nd period

3. CALGARY , Blake Coleman 5 (Chris Tierney 7) at 17:36

Penalties :
Ryan Pulock (SJ ) for Slashing (Minor) at 1:21, Jon Merrill (SJ ) for Hooking (Minor) at 3:28, Jesper Fast (SJ ) for Roughing (Minor) at 9:26, Rickard Rakell (SJ ) for Roughing (Minor) at 19:22

3rd period

4. CALGARY , Mikhail Sergachev 4 (Jamie Benn 11, Mitchell Marner 14) at 2:24
5. SAN JOSE , Jakob Silfverberg 5 (David Savard 10, Ryan Pulock 23) at 6:00
6. SAN JOSE , Ryan Carpenter 4 (Corey Perry 2) at 13:45
7. SAN JOSE , Ryan Dzingel 3 (Jon Merrill 7, Jake Allen) at 15:50
8. SAN JOSE , Dustin Brown 5 (Ryan Pulock 24, Kevin Hayes 14) at 19:38 (Empty Net)

Penalties :
MacKenzie Weegar (SJ ) for Tripping (Minor) at 2:33, Braydon Coburn (SJ ) for Interference (Minor) at 11:14, Mikhail Sergachev (CGY) for Tripping (Minor) at 19:55

Goalie Stats

Anders Nilsson (CGY), 23 saves from 27 shots - (0.852), L, 7-7-2, 59:45 minutes
Jake Allen (SJ ), 30 saves from 33 shots - (0.909), W, 15-12-1, 60:00 minutes

Players Stats for CALGARY

Player Name              G  A  P  +/- PIM S  H  SB GA TA FO     MP     PP MP  PK MP  
------------------------------------------------------------------------------------
Blake Coleman            1  0  1  -1  0   4  2  0  0  0  1/2    10:39   1:58   1:34 
Brock Boeser             0  0  0   0  0   1  0  0  0  0  2/2    20:44   4:24   0:00 
Chris Tierney            0  1  1  -1  0   2  1  0  0  0  7/10   14:17   6:07   1:03 
Derick Brassard          0  0  0  -1  0   3  0  0  0  0  6/10    7:36   0:00   0:00 
Drake Caggiula           0  0  0  -1  0   1  0  0  0  0  0/0     7:39   0:00   0:03 
Elias Pettersson         0  0  0   1  2   3  2  0  0  0  16/36  20:51   6:29   0:00 
Jaccob Slavin            0  1  1  -1  2   3  0  1  0  0  0/0    23:31   5:32   0:47 
Jake Gardiner            0  0  0   0  0   0  0  1  0  0  0/0    16:19   1:38   0:00 
Jamie Benn               0  1  1   0  0   5  2  0  0  0  13/35  22:21   4:24   1:37 
Joel Kellman             0  0  0  -1  0   1  0  0  0  0  0/0     7:36   0:00   0:00 
Markus Nutivaara         0  0  0   0  0   1  0  0  0  0  0/0    13:59   0:00   0:27 
Matt Nieto               0  0  0  -1  0   0  0  0  0  0  0/0     8:08   1:01   0:00 
Mikhail Sergachev        1  0  1   0  2   1  1  1  0  0  0/0    22:15   6:09   1:26 
Mitchell Marner          0  1  1   0  0   4  0  0  0  0  0/0    21:06   4:46   0:00 
Patrik Laine             1  0  1   1  0   1  4  0  0  0  0/0    20:52   6:29   0:00 
Rasmus Dahlin            0  0  0  -1  0   1  2  0  0  0  0/0    24:16   5:45   1:18 
Tyler Bertuzzi           0  1  1   1  0   1  0  0  0  0  0/2    20:14   4:48   1:03 
Zach Bogosian            0  0  0   0  0   1  1  1  0  0  0/0    14:54   0:00   1:22 

Players Stats for SAN JOSE

Player Name              G  A  P  +/- PIM S  H  SB GA TA FO     MP     PP MP  PK MP  
------------------------------------------------------------------------------------
Braydon Coburn           0  0  0   1  2   1  4  0  0  0  0/0    15:07   0:00   2:20 
Brian Boyle              0  0  0   0  0   1  1  0  0  0  0/1    12:48   0:00   1:52 
Chris Kreider            0  0  0   0  0   4  0  0  0  0  9/12   21:56   1:23   5:36 
Cody Ceci                0  0  0   0  0   0  2  1  0  0  0/0    22:23   1:17   6:41 
Corey Perry              0  1  1   1  0   0  0  0  0  0  0/0     6:48   0:00   0:00 
David Savard             0  1  1   0  0   0  2  0  0  0  0/0    24:24   1:23   5:28 
Dustin Brown             2  0  2   0  0   2  1  0  0  0  1/2    20:46   1:23   4:26 
Jakob Silfverberg        1  0  1   0  0   5  1  0  0  0  0/2    14:02   1:17   0:00 
Jesper Fast              0  0  0   0  2   1  2  0  0  0  2/2    12:13   0:00   1:18 
Jon Merrill              0  1  1   0  2   0  1  3  0  0  0/0    21:08   1:17   4:47 
Jordan Weal              0  0  0   1  0   0  0  0  0  0  5/11    6:48   0:00   0:00 
Kevin Hayes              0  2  2   0  0   3  0  0  0  0  15/28  21:56   1:23   5:36 
Kyle Clifford            0  0  0   0  0   0  0  0  0  0  0/0     0:00   0:00   0:00 
MacKenzie Weegar         0  0  0   1  2   2  0  1  0  0  0/0    13:41   0:00   0:14 
Paul Stastny             0  0  0   0  0   3  1  0  0  0  16/22  19:02   1:17   5:00 
Rickard Rakell           0  0  0   0  2   3  1  0  0  0  0/1    14:01   1:17   0:00 
Ryan Carpenter           1  0  1   1  0   1  2  0  0  0  0/0     6:48   0:00   0:00 
Ryan Dzingel             1  0  1   0  0   1  0  0  0  0  4/16   10:56   0:00   0:00 
Ryan Pulock              0  3  3   0  2   1  0  2  0  0  0/0    23:13   1:23   4:18 
Stefan Noesen            0  0  0   0  0   0  0  0  0  0  0/0     0:00   0:00   0:00 

3 Stars

1 - Dustin Brown (SJ )
2 - Ryan Carpenter (SJ )
3 - Patrik Laine (CGY)

Power Play

CALGARY - 0 on 6 Attempt(s) - 0.00%
SAN JOSE - 1 on 3 Attempt(s) - 33.33%

Penalty Kill

CALGARY - 2 on 3 Attempt(s) - 66.67% - Score 0 goal in Penalty Kill
SAN JOSE - 6 on 6 Attempt(s) - 100.00% - Score 0 goal in Penalty Kill

Team Stat

CALGARY - Hits : 15 - Faceoff Wins : 45 - Blocked Shots : 4 - Penalty Minutes : 6
SAN JOSE - Hits : 18 - Faceoff Wins : 52 - Blocked Shots : 7 - Penalty Minutes : 12

Official

Referees : Kyle Rehman and Mike Duco
Linesman : Brandon Gawryletz and Matt Brady

Game Notes

Dustin Brown has scored in a empty net!

Finance

Level 1 -- Attendance: 3986 (66.43%) -- Ticket Income $398,600
Level 2 -- Attendance: 3504 (70.08%) -- Ticket Income $210,240
Level 3 -- Attendance: 2000 (100.00%) -- Ticket Income $70,000
Level 4 -- Attendance: 3500 (87.50%) -- Ticket Income $70,000
Luxury Box -- Attendance: 686 (68.60%) -- Ticket Income $137,200
Game was played at the SAP Center.
Total Attendance: 13676 (75.98%)
Total Ticket Income: $886,040
Total Income: $886,040

CALGARY

5 vs 5 Forward 
   Center                   Left Wing                Right Wing               Time % Phy DF OF 
 1 Elias Pettersson         Tyler Bertuzzi           Patrik Laine             40     1   1  3  
 2 Jamie Benn               Mitchell Marner          Brock Boeser             40     1   1  3  
 3 Chris Tierney            Blake Coleman            Matt Nieto               10     1   2  2  
 4 Derick Brassard          Joel Kellman             Drake Caggiula           10     2   3  0  

5 vs 5 Defense 
   Defense                  Defense                                           Time % Phy DF OF 
 1 Jaccob Slavin            Rasmus Dahlin                                     35     1   1  3  
 2 Jake Gardiner            Mikhail Sergachev                                 30     1   2  2  
 3 Markus Nutivaara         Zach Bogosian                                     25     3   2  0  
 4 Rasmus Dahlin            Jaccob Slavin                                     10     1   2  2  

PowerPlay Forward 
   Center                   Left Wing                Right Wing               Time % Phy DF OF 
 1 Elias Pettersson         Patrik Laine             Mitchell Marner          62     0   1  4  
 2 Jamie Benn               Tyler Bertuzzi           Brock Boeser             38     0   1  4  

PowerPlay Defense
   Defense                  Defense                                           Time % Phy DF OF 
 1 Mikhail Sergachev        Jaccob Slavin                                     64     1   2  2  
 2 Chris Tierney            Rasmus Dahlin                                     36     1   2  2  

Penalty Kill 4 Players Forward 
   Center                   Wing                     Time % Phy DF OF 
 1 Jamie Benn               Blake Coleman            60     1   4  0  
 2 Chris Tierney            Tyler Bertuzzi           40     1   4  0  

Penalty Kill 4 Players Defense
   Defense                  Defense                  Time % Phy DF OF 
 1 Jaccob Slavin            Rasmus Dahlin            60     1   4  0  
 2 Zach Bogosian            Mikhail Sergachev        40     1   4  0  

Penalty Kill - 3 Players Forward 
   Forward                                           Time % Phy DF OF 
 1 Blake Coleman                                     60     1   4  0  
 2 Chris Tierney                                     40     1   4  0  

Penalty Kill - 3 Players Defense
   Defense                  Defense                  Time % Phy DF OF 
 1 Jaccob Slavin            Rasmus Dahlin            60     1   4  0  
 2 Zach Bogosian            Mikhail Sergachev        40     1   4  0  

4 vs 4 Forward 
   Center                   Wing                     Time % Phy DF OF 
 1 Elias Pettersson         Patrik Laine             60     1   1  3  
 2 Jamie Benn               Mitchell Marner          40     1   1  3  

4 vs 4 Defense
   Defense                  Defense                  Time % Phy DF OF 
 1 Jaccob Slavin            Rasmus Dahlin            60     0   1  4  
 2 Tyler Bertuzzi           Mikhail Sergachev        40     0   1  4  

Last Minutes Offensive
   Center                   Left Wing                Right Wing               Defense                  Defense                  
   Jamie Benn               Brock Boeser             Mitchell Marner          Jaccob Slavin            Rasmus Dahlin            

Last Minutes Defensive
   Center                   Left Wing                Right Wing               Defense                  Defense                  
   Jamie Benn               Elias Pettersson         Mitchell Marner          Jaccob Slavin            Rasmus Dahlin            

Goaltenders
Starting : Anders Nilsson           
Backup : Jack Campbell            

Extra Forwards
Normal : Chris Tierney, Blake Coleman, Derick Brassard - PP : Chris Tierney, Blake Coleman - PK : Elias Pettersson
Extra Defensemen
Normal : Jake Gardiner, Jaccob Slavin, Rasmus Dahlin - PP : Jake Gardiner - PK : Markus Nutivaara, Mikhail Sergachev
Penalty Shots
Mitchell Marner, Jamie Benn, Elias Pettersson, Brock Boeser, Patrik Laine

Scratches
CGY Cap Hit (Suspend), Shane Bowers (Healthy)

SAN JOSE

5 vs 5 Forward 
   Center                   Left Wing                Right Wing               Time % Phy DF OF 
 1 Kevin Hayes              Chris Kreider            Dustin Brown             35     1   2  2  
 2 Paul Stastny             Rickard Rakell           Jakob Silfverberg        30     1   2  2  
 3 Ryan Dzingel             Brian Boyle              Jesper Fast              25     1   2  2  
 4 Jordan Weal              Ryan Carpenter           Corey Perry              10     1   2  2  

5 vs 5 Defense 
   Defense                  Defense                                           Time % Phy DF OF 
 1 David Savard             Ryan Pulock                                       35     1   2  2  
 2 Cody Ceci                Jon Merrill                                       30     1   2  2  
 3 MacKenzie Weegar         Braydon Coburn                                    25     1   2  2  
 4 David Savard             Ryan Pulock                                       10     1   2  2  

PowerPlay Forward 
   Center                   Left Wing                Right Wing               Time % Phy DF OF 
 1 Kevin Hayes              Chris Kreider            Dustin Brown             60     1   2  2  
 2 Paul Stastny             Rickard Rakell           Jakob Silfverberg        40     1   2  2  

PowerPlay Defense
   Defense                  Defense                                           Time % Phy DF OF 
 1 David Savard             Ryan Pulock                                       60     1   2  2  
 2 Cody Ceci                Jon Merrill                                       40     1   2  2  

Penalty Kill 4 Players Forward 
   Center                   Wing                     Time % Phy DF OF 
 1 Chris Kreider            Kevin Hayes              60     1   2  2  
 2 Dustin Brown             Paul Stastny             40     1   2  2  

Penalty Kill 4 Players Defense
   Defense                  Defense                  Time % Phy DF OF 
 1 David Savard             Ryan Pulock              60     1   2  2  
 2 Cody Ceci                Jon Merrill              40     1   2  2  

Penalty Kill - 3 Players Forward 
   Forward                                           Time % Phy DF OF 
 1 Chris Kreider                                     60     1   2  2  
 2 Kevin Hayes                                       40     1   2  2  

Penalty Kill - 3 Players Defense
   Defense                  Defense                  Time % Phy DF OF 
 1 David Savard             Ryan Pulock              60     1   2  2  
 2 Cody Ceci                Jon Merrill              40     1   2  2  

4 vs 4 Forward 
   Center                   Wing                     Time % Phy DF OF 
 1 Chris Kreider            Kevin Hayes              60     1   2  2  
 2 Dustin Brown             Paul Stastny             40     1   2  2  

4 vs 4 Defense
   Defense                  Defense                  Time % Phy DF OF 
 1 David Savard             Ryan Pulock              60     1   2  2  
 2 Cody Ceci                Jon Merrill              40     1   2  2  

Last Minutes Offensive
   Center                   Left Wing                Right Wing               Defense                  Defense                  
   Kevin Hayes              Chris Kreider            Dustin Brown             David Savard             Ryan Pulock              

Last Minutes Defensive
   Center                   Left Wing                Right Wing               Defense                  Defense                  
   Kevin Hayes              Chris Kreider            Dustin Brown             David Savard             Ryan Pulock              

Goaltenders
Starting : Jake Allen               
Backup : Edward Pasquale          

Extra Forwards
Normal : Kyle Clifford, Stefan Noesen, Jesper Fast - PP : Kyle Clifford, Stefan Noesen - PK : Jesper Fast
Extra Defensemen
Normal : MacKenzie Weegar, Braydon Coburn, Cody Ceci - PP : MacKenzie Weegar - PK : Braydon Coburn, Cody Ceci
Penalty Shots
Chris Kreider, Kevin Hayes, Dustin Brown, Paul Stastny, Jakob Silfverberg

Scratches
SJ Cap Hit (Suspend), Danny DeKeyser (Bruised Left Arm Injury)

% Time on Ice - CALGARY

Lines # - Real PCT - Wanted PCT - Time Play
Normal Forward
1 - 32% - 40% - 14:23
2 - 35% - 40% - 15:45
3 - 16% - 10% - 7:07
4 - 17% - 10% - 7:36
Normal Defense
1 - 34% - 35% - 15:07
2 - 33% - 30% - 14:41
3 - 30% - 25% - 13:32
4 - 3% - 10% - 1:31
PP Forward
1 - 54% - 62% - 6:29
2 - 46% - 38% - 5:25
PP Defense
1 - 52% - 64% - 6:09
2 - 48% - 36% - 5:45
PK Forward
1 - 61% - 60% - 1:37
2 - 39% - 40% - 1:03
PK Defense
1 - 49% - 60% - 1:18
2 - 51% - 40% - 1:22
PK3 Forward
1 - 0% - 60%
2 - 0% - 40%
PK3 Defense
1 - 0% - 60%
2 - 0% - 40%
44 Forward
1 - 0% - 60%
2 - 0% - 40%
44 Defense
1 - 0% - 60%
2 - 0% - 40%
Last Minute Offensive  - 0:35
Last Minute Defensive  - 0:00
Total
Forward - 60:00
Defense - 60:00

% Time on Ice - SAN JOSE

Lines # - Real PCT - Wanted PCT - Time Play
Normal Forward
1 - 32% - 35% - 14:22
2 - 28% - 30% - 12:45
3 - 24% - 25% - 10:56
4 - 15% - 10% - 6:48
Normal Defense
1 - 34% - 35% - 15:20
2 - 34% - 30% - 15:05
3 - 29% - 25% - 12:48
4 - 4% - 10% - 1:38
PP Forward
1 - 52% - 60% - 1:23
2 - 48% - 40% - 1:17
PP Defense
1 - 52% - 60% - 1:23
2 - 48% - 40% - 1:17
PK Forward
1 - 63% - 60% - 7:28
2 - 37% - 40% - 4:26
PK Defense
1 - 46% - 60% - 5:28
2 - 54% - 40% - 6:26
PK3 Forward
1 - 0% - 60%
2 - 0% - 40%
PK3 Defense
1 - 0% - 60%
2 - 0% - 40%
44 Forward
1 - 0% - 60%
2 - 0% - 40%
44 Defense
1 - 0% - 60%
2 - 0% - 40%
Last Minute Offensive  - 0:00
Last Minute Defensive  - 0:35
Total
Forward - 60:00
Defense - 60:00

Play-by-Play

1st period


0:01 of 1st period - Elias Pettersson wins face-off versus Kevin Hayes in neutral zone.
0:20 of 1st period - Shot by Kevin Hayes.
0:20 of 1st period - Stopped by Anders Nilsson without a rebound.
0:21 of 1st period - Jamie Benn wins face-off versus Paul Stastny in CALGARY zone.
0:30 of 1st period - Shot by Jakob Silfverberg.
0:30 of 1st period - Stopped by Anders Nilsson without a rebound.
0:31 of 1st period - Chris Tierney wins face-off versus Ryan Dzingel in CALGARY zone.
0:43 of 1st period - Ryan Dzingel is hit by Blake Coleman and loses puck.
1:06 of 1st period - Shot by Chris Tierney.
1:06 of 1st period - Shot Misses the Net.
1:08 of 1st period - Shot by Chris Tierney.
1:08 of 1st period - Stopped by Jake Allen without a rebound.
1:09 of 1st period - Paul Stastny wins face-off versus Jamie Benn in SAN JOSE zone.
1:42 of 1st period - Shot by Rickard Rakell.
1:42 of 1st period - Stopped by Anders Nilsson without a rebound.
1:43 of 1st period - Kevin Hayes wins face-off versus Elias Pettersson in CALGARY zone.
1:43 of 1st period - Minor Penalty to Jaccob Slavin for Hooking.
1:44 of 1st period - Kevin Hayes wins face-off versus Jamie Benn in CALGARY zone.
2:17 of 1st period - Ryan Pulock is hit by Mikhail Sergachev and loses puck.
2:20 of 1st period - Shot by Dustin Brown.
2:20 of 1st period - Goal by Dustin Brown - CALGARY : 0 - SAN JOSE : 1.
2:21 of 1st period - Jordan Weal wins face-off versus Derick Brassard in neutral zone.
2:35 of 1st period - Icing by Markus Nutivaara.
2:36 of 1st period - Paul Stastny wins face-off versus Derick Brassard in CALGARY zone.
2:55 of 1st period - Shot by Derick Brassard.
2:55 of 1st period - Stopped by Jake Allen with a rebound.
2:57 of 1st period - Shot by Derick Brassard.
2:57 of 1st period - Stopped by Jake Allen without a rebound.
2:58 of 1st period - Elias Pettersson wins face-off versus Kevin Hayes in SAN JOSE zone.
3:35 of 1st period - Shot by Kevin Hayes.
3:35 of 1st period - Stopped by Anders Nilsson without a rebound.
3:36 of 1st period - Ryan Dzingel wins face-off versus Jamie Benn in CALGARY zone.
4:55 of 1st period - Off-side.
4:56 of 1st period - Elias Pettersson wins face-off versus Kevin Hayes in neutral zone.
5:11 of 1st period - Shot by Elias Pettersson.
5:11 of 1st period - Shot Misses the Net.
5:16 of 1st period - Off-side.
5:17 of 1st period - Jordan Weal wins face-off versus Derick Brassard in neutral zone.
6:04 of 1st period - Corey Perry is hit by Elias Pettersson and loses puck.
6:16 of 1st period - Off-side.
6:17 of 1st period - Kevin Hayes wins face-off versus Chris Tierney in neutral zone.
6:20 of 1st period - Rasmus Dahlin is hit by Dustin Brown and loses puck.
7:08 of 1st period - Icing by David Savard.
7:09 of 1st period - Kevin Hayes wins face-off versus Elias Pettersson in SAN JOSE zone.
7:27 of 1st period - Patrik Laine is hit by Jakob Silfverberg and loses puck.
7:34 of 1st period - Minor Penalty to Elias Pettersson for Holding.
7:35 of 1st period - Paul Stastny wins face-off versus Jamie Benn in CALGARY zone.
7:51 of 1st period - Off-side.
7:52 of 1st period - Paul Stastny wins face-off versus Jamie Benn in neutral zone.
8:08 of 1st period - Icing by Jakob Silfverberg.
8:09 of 1st period - Paul Stastny wins face-off versus Jamie Benn in SAN JOSE zone.
9:00 of 1st period - Shot by Ryan Pulock.
9:00 of 1st period - Shot Blocked by Zach Bogosian.
9:25 of 1st period - Icing by Rickard Rakell.
9:26 of 1st period - Paul Stastny wins face-off versus Jamie Benn in SAN JOSE zone.
10:02 of 1st period - Shot by Derick Brassard.
10:02 of 1st period - Stopped by Jake Allen without a rebound.
10:03 of 1st period - Jamie Benn wins face-off versus Jordan Weal in SAN JOSE zone.
10:46 of 1st period - Icing by Corey Perry.
10:47 of 1st period - Elias Pettersson wins face-off versus Jordan Weal in SAN JOSE zone.
11:43 of 1st period - Shot by Blake Coleman.
11:43 of 1st period - Stopped by Jake Allen without a rebound.
11:44 of 1st period - Paul Stastny wins face-off versus Jamie Benn in SAN JOSE zone.
11:49 of 1st period - Jamie Benn is hit by Paul Stastny and loses puck.
11:56 of 1st period - Shot by Paul Stastny.
11:56 of 1st period - Stopped by Anders Nilsson without a rebound.
11:57 of 1st period - Chris Tierney wins face-off versus Ryan Dzingel in CALGARY zone.
12:08 of 1st period - Shot by Chris Tierney.
12:08 of 1st period - Stopped by Jake Allen without a rebound.
12:09 of 1st period - Paul Stastny wins face-off versus Jamie Benn in SAN JOSE zone.
12:17 of 1st period - Paul Stastny is hit by Rasmus Dahlin.
12:31 of 1st period - Shot by Paul Stastny.
12:31 of 1st period - Shot Misses the Net.
12:48 of 1st period - Shot by Jakob Silfverberg.
12:48 of 1st period - Stopped by Anders Nilsson without a rebound.
12:49 of 1st period - Kevin Hayes wins face-off versus Elias Pettersson in CALGARY zone.
12:58 of 1st period - Shot by Kevin Hayes.
12:58 of 1st period - Stopped by Anders Nilsson without a rebound.
12:59 of 1st period - Ryan Dzingel wins face-off versus Elias Pettersson in CALGARY zone.
13:18 of 1st period - Shot by Patrik Laine.
13:18 of 1st period - Shot Blocked by Jon Merrill.
13:20 of 1st period - Shot by Patrik Laine.
13:20 of 1st period - Deflect By Tyler Bertuzzi.
13:20 of 1st period - Stopped by Jake Allen without a rebound.
13:21 of 1st period - Kevin Hayes wins face-off versus Jamie Benn in SAN JOSE zone.
13:51 of 1st period - Shot by Mitchell Marner.
13:51 of 1st period - Stopped by Jake Allen without a rebound.
13:52 of 1st period - Elias Pettersson wins face-off versus Jakob Silfverberg in SAN JOSE zone.
14:11 of 1st period - Shot by Elias Pettersson.
14:11 of 1st period - Stopped by Jake Allen without a rebound.
14:12 of 1st period - Derick Brassard wins face-off versus Ryan Dzingel in SAN JOSE zone.
15:17 of 1st period - Shot by Patrik Laine.
15:17 of 1st period - Goal by Patrik Laine - CALGARY : 1 - SAN JOSE : 1.
15:18 of 1st period - Jamie Benn wins face-off versus Kevin Hayes in neutral zone.
15:20 of 1st period - Off-side.
15:21 of 1st period - Brock Boeser wins face-off versus Kevin Hayes in neutral zone.
15:25 of 1st period - Shot by Jamie Benn.
15:25 of 1st period - Stopped by Jake Allen without a rebound.
15:26 of 1st period - Elias Pettersson wins face-off versus Kevin Hayes in SAN JOSE zone.
15:27 of 1st period - Shot by Tyler Bertuzzi.
15:27 of 1st period - Shot Misses the Net.
16:22 of 1st period - Shot by Jakob Silfverberg.
16:22 of 1st period - Stopped by Anders Nilsson with a rebound.
16:24 of 1st period - Shot by Paul Stastny.
16:24 of 1st period - Shot Misses the Net.
16:35 of 1st period - Icing by MacKenzie Weegar.
16:36 of 1st period - Brock Boeser wins face-off versus Rickard Rakell in SAN JOSE zone.
16:36 of 1st period - Mitchell Marner is hit by Braydon Coburn and loses puck.
17:35 of 1st period - Icing by Jon Merrill.
17:36 of 1st period - Derick Brassard wins face-off versus Ryan Dzingel in SAN JOSE zone.
17:53 of 1st period - Shot by Jesper Fast.
17:53 of 1st period - Shot Misses the Net.
18:42 of 1st period - Icing by Jaccob Slavin.
18:43 of 1st period - Paul Stastny wins face-off versus Chris Tierney in CALGARY zone.
19:00 of 1st period - Shot by Paul Stastny.
19:00 of 1st period - Stopped by Anders Nilsson with a rebound.
19:02 of 1st period - Shot by Rickard Rakell.
19:02 of 1st period - Stopped by Anders Nilsson without a rebound.
19:03 of 1st period - Jordan Weal wins face-off versus Jamie Benn in CALGARY zone.
Goals for this period are 1 for CALGARY vs 1 for SAN JOSE.
Shots for this period are 11 for CALGARY vs 11 for SAN JOSE.

2nd period


0:01 of 2nd period - Elias Pettersson wins face-off versus Kevin Hayes in neutral zone.
0:13 of 2nd period - Shot by Chris Kreider.
0:13 of 2nd period - Stopped by Anders Nilsson without a rebound.
0:14 of 2nd period - Paul Stastny wins face-off versus Jamie Benn in CALGARY zone.
0:31 of 2nd period - Shot by Jakob Silfverberg.
0:31 of 2nd period - Shot Misses the Net.
0:34 of 2nd period - Icing by Jamie Benn.
0:35 of 2nd period - Jamie Benn wins face-off versus Kevin Hayes in CALGARY zone.
1:21 of 2nd period - Minor Penalty to Ryan Pulock for Slashing.
1:22 of 2nd period - Elias Pettersson wins face-off versus Chris Kreider in SAN JOSE zone.
1:23 of 2nd period - Shot by Mitchell Marner.
1:23 of 2nd period - Stopped by Jake Allen without a rebound.
1:24 of 2nd period - Chris Kreider wins face-off versus Elias Pettersson in SAN JOSE zone.
1:30 of 2nd period - Icing by Rasmus Dahlin.
1:31 of 2nd period - Chris Kreider wins face-off versus Elias Pettersson in CALGARY zone.
2:25 of 2nd period - Icing by Jaccob Slavin.
2:26 of 2nd period - Jesper Fast wins face-off versus Jamie Benn in CALGARY zone.
2:27 of 2nd period - Shot by Brian Boyle.
2:27 of 2nd period - Shot Misses the Net.
3:28 of 2nd period - Minor Penalty to Jon Merrill for Hooking.
3:29 of 2nd period - Elias Pettersson wins face-off versus Chris Kreider in SAN JOSE zone.
3:30 of 2nd period - Shot by Rasmus Dahlin.
3:30 of 2nd period - Stopped by Jake Allen without a rebound.
3:31 of 2nd period - Elias Pettersson wins face-off versus Chris Kreider in SAN JOSE zone.
5:11 of 2nd period - Elias Pettersson is hit by Braydon Coburn and loses puck.
5:25 of 2nd period - Patrik Laine is hit by Braydon Coburn and loses puck.
5:38 of 2nd period - Shot by Drake Caggiula.
5:38 of 2nd period - Stopped by Jake Allen without a rebound.
5:39 of 2nd period - Jordan Weal wins face-off versus Derick Brassard in SAN JOSE zone.
5:41 of 2nd period - Icing by Corey Perry.
5:42 of 2nd period - Derick Brassard wins face-off versus Jordan Weal in SAN JOSE zone.
6:09 of 2nd period - Shot by Derick Brassard.
6:09 of 2nd period - Shot Misses the Net.
6:11 of 2nd period - Shot by Zach Bogosian.
6:11 of 2nd period - Stopped by Jake Allen with a rebound.
6:17 of 2nd period - Shot by Markus Nutivaara.
6:17 of 2nd period - Stopped by Jake Allen without a rebound.
6:18 of 2nd period - Jamie Benn wins face-off versus Ryan Dzingel in SAN JOSE zone.
6:51 of 2nd period - Shot by Brian Boyle.
6:51 of 2nd period - Shot Misses the Net.
6:53 of 2nd period - Shot by MacKenzie Weegar.
6:53 of 2nd period - Shot Blocked by Mikhail Sergachev.
6:55 of 2nd period - Shot by Jesper Fast.
6:55 of 2nd period - Shot Misses the Net.
6:57 of 2nd period - Shot by MacKenzie Weegar.
6:57 of 2nd period - Stopped by Anders Nilsson without a rebound.
6:58 of 2nd period - Elias Pettersson wins face-off versus Paul Stastny in CALGARY zone.
7:17 of 2nd period - Shot by Ryan Pulock.
7:17 of 2nd period - Stopped by Anders Nilsson without a rebound.
7:18 of 2nd period - Chris Tierney wins face-off versus Kevin Hayes in CALGARY zone.
7:23 of 2nd period - Kevin Hayes is hit by Blake Coleman and loses puck.
7:34 of 2nd period - Shot by Chris Tierney.
7:34 of 2nd period - Deflect By Blake Coleman.
7:34 of 2nd period - Stopped by Jake Allen with a rebound.
8:47 of 2nd period - Shot by Rickard Rakell.
8:47 of 2nd period - Stopped by Anders Nilsson without a rebound.
8:48 of 2nd period - Jamie Benn wins face-off versus Ryan Dzingel in CALGARY zone.
8:53 of 2nd period - Brian Boyle is hit by Jamie Benn and loses puck.
9:16 of 2nd period - Mikhail Sergachev is hit by Brian Boyle and loses puck.
9:26 of 2nd period - Minor Penalty to Jesper Fast for Roughing.
9:27 of 2nd period - Chris Kreider wins face-off versus Elias Pettersson in SAN JOSE zone.
9:27 of 2nd period - Chris Kreider is hit by Patrik Laine.
9:32 of 2nd period - Kevin Hayes is hit by Chris Tierney and loses puck.
10:15 of 2nd period - Shot by Jaccob Slavin.
10:15 of 2nd period - Shot Misses the Net.
10:17 of 2nd period - Shot by Jaccob Slavin.
10:17 of 2nd period - Shot Misses the Net.
10:22 of 2nd period - Shot by Jaccob Slavin.
10:22 of 2nd period - Stopped by Jake Allen with a rebound.
11:56 of 2nd period - Shot by Ryan Carpenter.
11:56 of 2nd period - Deflect By Corey Perry.
11:56 of 2nd period - Shot Misses the Net.
12:31 of 2nd period - Icing by Jesper Fast.
12:32 of 2nd period - Ryan Dzingel wins face-off versus Jamie Benn in SAN JOSE zone.
12:58 of 2nd period - Shot by Jesper Fast.
12:58 of 2nd period - Shot Hit the Post.
13:01 of 2nd period - Icing by Jaccob Slavin.
13:02 of 2nd period - Jamie Benn wins face-off versus Kevin Hayes in CALGARY zone.
13:12 of 2nd period - Icing by Jaccob Slavin.
13:13 of 2nd period - Paul Stastny wins face-off versus Jamie Benn in CALGARY zone.
13:37 of 2nd period - Shot by Tyler Bertuzzi.
13:37 of 2nd period - Shot Misses the Net.
13:39 of 2nd period - Shot by Mikhail Sergachev.
13:39 of 2nd period - Shot Misses the Net.
13:43 of 2nd period - Shot by Tyler Bertuzzi.
13:43 of 2nd period - Shot Blocked by Ryan Pulock.
13:49 of 2nd period - Shot by Elias Pettersson.
13:49 of 2nd period - Shot Misses the Net.
14:00 of 2nd period - Shot by Jake Gardiner.
14:00 of 2nd period - Shot Misses the Net.
14:02 of 2nd period - Shot by Elias Pettersson.
14:02 of 2nd period - Stopped by Jake Allen without a rebound.
14:03 of 2nd period - Chris Tierney wins face-off versus Kevin Hayes in SAN JOSE zone.
14:04 of 2nd period - Shot by Matt Nieto.
14:04 of 2nd period - Deflect By Chris Tierney.
14:04 of 2nd period - Shot Misses the Net.
14:16 of 2nd period - Shot by Kevin Hayes.
14:16 of 2nd period - Shot Misses the Net.
14:25 of 2nd period - Off-side.
14:26 of 2nd period - Derick Brassard wins face-off versus Ryan Dzingel in neutral zone.
15:30 of 2nd period - MacKenzie Weegar is hit by Patrik Laine and loses puck.
15:44 of 2nd period - Off-side.
15:45 of 2nd period - Jamie Benn wins face-off versus Paul Stastny in neutral zone.
15:54 of 2nd period - David Savard is hit by Zach Bogosian and loses puck.
15:58 of 2nd period - Icing by Zach Bogosian.
15:59 of 2nd period - Jamie Benn wins face-off versus Jordan Weal in CALGARY zone.
15:59 of 2nd period - Jamie Benn is hit by Ryan Carpenter.
16:09 of 2nd period - Shot by Brock Boeser.
16:09 of 2nd period - Shot Misses the Net.
16:11 of 2nd period - Shot by Jamie Benn.
16:11 of 2nd period - Stopped by Jake Allen without a rebound.
16:12 of 2nd period - Elias Pettersson wins face-off versus Jakob Silfverberg in SAN JOSE zone.
16:41 of 2nd period - Jake Gardiner is hit by Rickard Rakell and loses puck.
17:30 of 2nd period - Shot by Mitchell Marner.
17:30 of 2nd period - Stopped by Jake Allen without a rebound.
17:31 of 2nd period - Chris Tierney wins face-off versus Kevin Hayes in SAN JOSE zone.
17:36 of 2nd period - Shot by Blake Coleman.
17:36 of 2nd period - Goal by Blake Coleman - CALGARY : 2 - SAN JOSE : 1.
17:37 of 2nd period - Chris Kreider wins face-off versus Chris Tierney in neutral zone.
17:49 of 2nd period - Shot by Chris Kreider.
17:49 of 2nd period - Stopped by Anders Nilsson without a rebound.
17:50 of 2nd period - Jamie Benn wins face-off versus Ryan Dzingel in CALGARY zone.
17:50 of 2nd period - Jamie Benn is hit by Jesper Fast.
17:58 of 2nd period - Shot by Rasmus Dahlin.
17:58 of 2nd period - Shot Blocked by MacKenzie Weegar.
18:08 of 2nd period - Shot by Ryan Dzingel.
18:08 of 2nd period - Deflect By Brian Boyle.
18:08 of 2nd period - Stopped by Anders Nilsson without a rebound.
18:09 of 2nd period - Kevin Hayes wins face-off versus Elias Pettersson in CALGARY zone.
18:10 of 2nd period - Shot by Chris Kreider.
18:10 of 2nd period - Stopped by Anders Nilsson without a rebound.
18:11 of 2nd period - Kevin Hayes wins face-off versus Elias Pettersson in CALGARY zone.
18:45 of 2nd period - Kevin Hayes is hit by Rasmus Dahlin and loses puck.
18:56 of 2nd period - Ryan Pulock is hit by Patrik Laine and loses puck.
19:22 of 2nd period - Minor Penalty to Rickard Rakell for Roughing.
19:23 of 2nd period - Jesper Fast wins face-off versus Jamie Benn in SAN JOSE zone.
19:52 of 2nd period - Shot by Jake Gardiner.
19:52 of 2nd period - Shot Misses the Net.
Goals for this period are 1 for CALGARY vs 0 for SAN JOSE.
Shots for this period are 11 for CALGARY vs 7 for SAN JOSE.

3rd period


0:01 of 3rd period - Chris Kreider wins face-off versus Elias Pettersson in neutral zone.
0:33 of 3rd period - Shot by Elias Pettersson.
0:33 of 3rd period - Shot Misses the Net.
0:35 of 3rd period - Shot by Jaccob Slavin.
0:35 of 3rd period - Stopped by Jake Allen with a rebound.
0:37 of 3rd period - Shot by Jaccob Slavin.
0:37 of 3rd period - Stopped by Jake Allen with a rebound.
0:48 of 3rd period - Off-side.
0:49 of 3rd period - Jamie Benn wins face-off versus Dustin Brown in neutral zone.
1:15 of 3rd period - Icing by Brock Boeser.
1:16 of 3rd period - Chris Kreider wins face-off versus Jamie Benn in CALGARY zone.
1:19 of 3rd period - Shot by Kevin Hayes.
1:19 of 3rd period - Shot Misses the Net.
1:30 of 3rd period - Icing by Markus Nutivaara.
1:31 of 3rd period - Derick Brassard wins face-off versus Paul Stastny in CALGARY zone.
1:48 of 3rd period - Shot by Joel Kellman.
1:48 of 3rd period - Stopped by Jake Allen without a rebound.
1:49 of 3rd period - Kevin Hayes wins face-off versus Tyler Bertuzzi in SAN JOSE zone.
2:00 of 3rd period - Shot by Chris Kreider.
2:00 of 3rd period - Shot Misses the Net.
2:02 of 3rd period - Shot by MacKenzie Weegar.
2:02 of 3rd period - Stopped by Anders Nilsson without a rebound.
2:03 of 3rd period - Paul Stastny wins face-off versus Jamie Benn in CALGARY zone.
2:20 of 3rd period - Shot by Jamie Benn.
2:20 of 3rd period - Stopped by Jake Allen with a rebound.
2:22 of 3rd period - Shot by Jamie Benn.
2:22 of 3rd period - Shot Misses the Net.
2:24 of 3rd period - Shot by Mikhail Sergachev.
2:24 of 3rd period - Goal by Mikhail Sergachev - CALGARY : 3 - SAN JOSE : 1.
2:25 of 3rd period - Kevin Hayes wins face-off versus Elias Pettersson in neutral zone.
2:33 of 3rd period - Minor Penalty to MacKenzie Weegar for Tripping.
2:34 of 3rd period - Chris Kreider wins face-off versus Elias Pettersson in SAN JOSE zone.
2:34 of 3rd period - Chris Kreider is hit by Elias Pettersson.
2:51 of 3rd period - Icing by Mikhail Sergachev.
2:52 of 3rd period - Chris Kreider wins face-off versus Elias Pettersson in CALGARY zone.
3:12 of 3rd period - Elias Pettersson is hit by David Savard.
4:18 of 3rd period - Shot by Elias Pettersson.
4:18 of 3rd period - Stopped by Jake Allen without a rebound.
4:19 of 3rd period - Dustin Brown wins face-off versus Elias Pettersson in SAN JOSE zone.
4:33 of 3rd period - Off-side.
4:34 of 3rd period - Derick Brassard wins face-off versus Brian Boyle in neutral zone.
6:00 of 3rd period - Shot by Jakob Silfverberg.
6:00 of 3rd period - Goal by Jakob Silfverberg - CALGARY : 3 - SAN JOSE : 2.
6:01 of 3rd period - Elias Pettersson wins face-off versus Jordan Weal in neutral zone.
6:39 of 3rd period - Icing by Mikhail Sergachev.
6:40 of 3rd period - Kevin Hayes wins face-off versus Elias Pettersson in CALGARY zone.
7:23 of 3rd period - Shot by Brock Boeser.
7:23 of 3rd period - Shot Blocked by Ryan Pulock.
7:25 of 3rd period - Shot by Mitchell Marner.
7:25 of 3rd period - Stopped by Jake Allen with a rebound.
8:08 of 3rd period - Shot by Jakob Silfverberg.
8:08 of 3rd period - Stopped by Anders Nilsson without a rebound.
8:09 of 3rd period - Blake Coleman wins face-off versus Ryan Dzingel in CALGARY zone.
8:18 of 3rd period - Shot by Rasmus Dahlin.
8:18 of 3rd period - Shot Blocked by Jon Merrill.
8:30 of 3rd period - Shot by Blake Coleman.
8:30 of 3rd period - Stopped by Jake Allen without a rebound.
8:31 of 3rd period - Paul Stastny wins face-off versus Elias Pettersson in SAN JOSE zone.
9:00 of 3rd period - Shot by Rickard Rakell.
9:00 of 3rd period - Shot Misses the Net.
9:02 of 3rd period - Shot by Jakob Silfverberg.
9:02 of 3rd period - Shot Blocked by Jake Gardiner.
9:04 of 3rd period - Shot by Braydon Coburn.
9:04 of 3rd period - Shot Misses the Net.
9:06 of 3rd period - Shot by Braydon Coburn.
9:06 of 3rd period - Deflect By Paul Stastny.
9:06 of 3rd period - Stopped by Anders Nilsson without a rebound.
9:07 of 3rd period - Chris Tierney wins face-off versus Ryan Dzingel in CALGARY zone.
9:13 of 3rd period - Jaccob Slavin is hit by Jesper Fast and loses puck.
9:29 of 3rd period - Rasmus Dahlin is hit by David Savard and loses puck.
10:13 of 3rd period - Jamie Benn is hit by Jon Merrill and loses puck.
10:57 of 3rd period - Shot by Paul Stastny.
10:57 of 3rd period - Shot Misses the Net.
10:59 of 3rd period - Shot by Braydon Coburn.
10:59 of 3rd period - Stopped by Anders Nilsson with a rebound.
11:14 of 3rd period - Minor Penalty to Braydon Coburn for Interference.
11:15 of 3rd period - Chris Kreider wins face-off versus Elias Pettersson in SAN JOSE zone.
12:20 of 3rd period - Shot by Tyler Bertuzzi.
12:20 of 3rd period - Shot Misses the Net.
13:38 of 3rd period - Derick Brassard is hit by Ryan Carpenter and loses puck.
13:43 of 3rd period - Shot by Corey Perry.
13:43 of 3rd period - Shot Misses the Net.
13:45 of 3rd period - Shot by Ryan Carpenter.
13:45 of 3rd period - Goal by Ryan Carpenter - CALGARY : 3 - SAN JOSE : 3.
13:46 of 3rd period - Jamie Benn wins face-off versus Ryan Dzingel in neutral zone.
14:11 of 3rd period - Shot by Jamie Benn.
14:11 of 3rd period - Stopped by Jake Allen without a rebound.
14:12 of 3rd period - Kevin Hayes wins face-off versus Elias Pettersson in SAN JOSE zone.
15:07 of 3rd period - Braydon Coburn is hit by Jamie Benn and loses puck.
15:18 of 3rd period - Icing by Mitchell Marner.
15:19 of 3rd period - Ryan Dzingel wins face-off versus Jamie Benn in CALGARY zone.
15:50 of 3rd period - Shot by Ryan Dzingel.
15:50 of 3rd period - Goal by Ryan Dzingel - CALGARY : 3 - SAN JOSE : 4.
15:51 of 3rd period - Chris Tierney wins face-off versus Paul Stastny in neutral zone.
16:16 of 3rd period - Icing by Braydon Coburn.
16:17 of 3rd period - Paul Stastny wins face-off versus Elias Pettersson in SAN JOSE zone.
16:17 of 3rd period - Paul Stastny is hit by Patrik Laine.
16:27 of 3rd period - Patrik Laine is hit by Braydon Coburn and loses puck.
16:49 of 3rd period - Icing by MacKenzie Weegar.
16:50 of 3rd period - Paul Stastny wins face-off versus Jamie Benn in SAN JOSE zone.
17:00 of 3rd period - Icing by Mitchell Marner.
17:01 of 3rd period - Kevin Hayes wins face-off versus Jamie Benn in CALGARY zone.
17:08 of 3rd period - Shot by Kevin Hayes.
17:08 of 3rd period - Shot Misses the Net.
17:36 of 3rd period - Shot by Brock Boeser.
17:36 of 3rd period - Shot Misses the Net.
17:38 of 3rd period - Shot by Jamie Benn.
17:38 of 3rd period - Deflect By Brock Boeser.
17:38 of 3rd period - Stopped by Jake Allen without a rebound.
17:39 of 3rd period - Elias Pettersson wins face-off versus Ryan Dzingel in SAN JOSE zone.
17:39 of 3rd period - Tyler Bertuzzi is hit by Cody Ceci and loses puck.
17:48 of 3rd period - Shot by Jesper Fast.
17:48 of 3rd period - Stopped by Anders Nilsson without a rebound.
17:49 of 3rd period - Jordan Weal wins face-off versus Elias Pettersson in CALGARY zone.
18:14 of 3rd period - Icing by Ryan Carpenter.
18:15 of 3rd period - Jamie Benn wins face-off versus Jordan Weal in SAN JOSE zone.
18:21 of 3rd period - Brock Boeser is hit by Cody Ceci and loses puck.
18:31 of 3rd period - Shot by Jamie Benn.
18:31 of 3rd period - Shot Blocked by Cody Ceci.
18:33 of 3rd period - Shot by Mitchell Marner.
18:33 of 3rd period - Shot Blocked by Jon Merrill.
18:35 of 3rd period - Shot by Jamie Benn.
18:35 of 3rd period - Stopped by Jake Allen without a rebound.
18:36 of 3rd period - Kevin Hayes wins face-off versus Tyler Bertuzzi in SAN JOSE zone.
18:42 of 3rd period - Icing by Ryan Pulock.
18:43 of 3rd period - Elias Pettersson wins face-off versus Kevin Hayes in SAN JOSE zone.
19:03 of 3rd period - Shot by Chris Kreider.
19:03 of 3rd period - Stopped by Anders Nilsson without a rebound.
19:04 of 3rd period - Kevin Hayes wins face-off versus Jamie Benn in CALGARY zone.
19:11 of 3rd period - Shot by Chris Kreider.
19:11 of 3rd period - Shot Misses the Net.
19:23 of 3rd period - CALGARY, Anders Nilsson is pulled from the net.
19:32 of 3rd period - Shot by Kevin Hayes.
19:32 of 3rd period - Shot Blocked by Jaccob Slavin.
19:34 of 3rd period - Shot by Ryan Pulock.
19:34 of 3rd period - Shot Misses the Net.
19:36 of 3rd period - Shot by Ryan Pulock.
19:36 of 3rd period - Shot Misses the Net.
19:38 of 3rd period - Shot by Dustin Brown.
19:38 of 3rd period - Goal by Dustin Brown - CALGARY : 3 - SAN JOSE : 5.
19:38 of 3rd period - Anders Nilsson from CALGARY was sent back in the game.
19:39 of 3rd period - Elias Pettersson wins face-off versus Paul Stastny in neutral zone.
19:55 of 3rd period - Minor Penalty to Mikhail Sergachev for Tripping.
19:56 of 3rd period - Paul Stastny wins face-off versus Blake Coleman in CALGARY zone.
Goals for this period are 1 for CALGARY vs 4 for SAN JOSE.
Shots for this period are 11 for CALGARY vs 10 for SAN JOSE.